 Dungeon Crawl Stone Soup version 0.31-a0-664-g902f515a81 (webtiles) character file.

Game seed: 17218548402101010590

1266 Xavori the Sneak (level 8, -4/54 HPs)
             Began as an Octopode Chaos Knight on Sept 2, 2023.
             Was a Plaything of Xom.
             Slain by a steam dragon (11 damage)
             ... on level 6 of the Dungeon.
             The game lasted 00:04:52 (8731 turns).

Xavori the Sneak (Octopode Chaos Knight)            Turns: 8731, Time: 00:04:53

Health: -4/54      AC:  3    Str: 12    XL:     8   Next: 52%
Magic:  8/8        EV: 14    Int: 21    God:    Xom [*.....]
Gold:   246        SH:  0    Dex: 14    Spells: 7/7 levels left

rFire   . . .        m - +2 dagger (drain)
rCold   + . .        (no shield)
rNeg    . . .        (helmet currently unavailable)
rPois   .            d - amulet of regeneration
rElec   .            j - ring of see invisible
rCorr   .            (no ring)
SInv    +            (no ring)
Will    .....        (no ring)
Stlth   +++++        (no ring)
HPRegen 1.09/turn    (no ring)
MPRegen 0.11/turn    (no ring)
                     (no ring)

%: no passive effects
@: beast-form, weak-willed
A: beast (slay +2), almost no armour, amphibious, 8 rings, camouflage 1,
gelatinous body 1, (nimble swimmer 1), tentacles, iridescent scales 1, agile 1,
clever 2, cold resistance 1, mutation resistance 1, strong 1
a: Begin Untransformation, Renounce Religion


You were on level 6 of the Dungeon.
You worshipped Xom.
You were a special plaything of Xom.
You were a hulking beast.
You visited 1 branch of the dungeon, and saw 6 of its levels.

You collected 246 gold pieces.

Inventory:

Hand Weapons
 a - a +0 short sword of chaos
 m - a +2 dagger of draining (weapon)
Missiles
 p - 2 curare-tipped darts (quivered)
 v - a throwing net
Jewellery
 d - an amulet of regeneration (around mantle)
 j - a ring of see invisible (left tentacle)
Talismans
 k - a beast talisman (active)
Wands
 f - a wand of charming (6)
Scrolls
 b - a scroll of butterflies
 e - 3 scrolls of teleportation
 n - 2 scrolls of poison
 o - a scroll of noise {unknown}
 r - a scroll of amnesia
 u - 2 scrolls of identify
Potions
 c - a potion of mutation
 g - a potion of brilliance
 l - a potion of attraction {unknown}
 q - a potion of lignification {unknown}
 s - a potion of berserk rage {unknown}
 t - a potion of might {unknown}


   Skills:
 + Level 4.3 Fighting
 + Level 5.6 Short Blades
 + Level 4.1 Dodging
 + Level 7.9 Stealth
 * Level 4.1 Shapeshifting


You had 7 spell levels left.
You didn't know any spells.
Your spell library contained the following spells:

 Spells                   Type           Power      Damage    Failure   Level
 Inner Flame              Hex/Fire       0%         N/A       47%         3
 Yara's Violent Unravell  Hex/Tmut       0%         3d3       99%         5
 Enfeeble                 Hex            0%         N/A       100%        7


Dungeon Overview and Level Annotations

Branches:
Dungeon (6/15)
 Temple: D:4-7

Altars:
Cheibriados
Elyvilon
Fedhas
Kikubaaqudgha
Nemelex Xobeh

Shops:
D:3 [=((


Innate Abilities, Weirdness & Mutations

You are a hulking beast.
Your limbs bulge with bestial killing power. (Slay +2)
You cannot wear most types of armour.
You are amphibious.
You can wear up to eight rings at the same time.
Your skin changes colour to match your surroundings (Stealth+).
Your rubbery body absorbs attacks. (AC +1, EV +1)
((You are camouflaged when in or above water. (Stealth+)))
You have tentacles for arms and can constrict up to eight enemies at once.
You are partially covered in iridescent scales. (AC +2)
You are agile. (Dex +4, Str/Int -1)
Your mind is very acute. (Int +8, Str/Dex -2)
Your flesh is cold resistant. (rC+)
You are somewhat resistant to further mutation.
Your muscles are strong. (Str +4, Int/Dex -1)


Message History

You are too confused!
The steam dragon bites you! The steam dragon barely misses you.
The steam dragon bites you!
The steam dragon claws you but does no damage.
The steam dragon bites you. The steam dragon barely misses you.
The steam dragon bites you but does no damage.
The steam dragon claws you.
The scorpion seems less confused.
The steam dragon breathes steam at you. The ball of steam hits you!
It was a potion of mutation.
You feel extremely strange.
Your iridescent scales recede somewhat.
Your magical essence no longer links to wands of the dungeon.
You regain control of your magic.
You are engulfed in a cloud of scalding steam.
* * * LOW HITPOINT WARNING * * *
You feel less confused. The scorpion closely misses you.
The steam dragon closely misses you. The steam dragon claws you.
* * * LOW HITPOINT WARNING * * *
The scorpion closely misses you.
Unknown command.
As you read the scroll labelled TAXALA ELEY, it dissolves into smoke.
It was a scroll of fog.
The steam dragon breathes steam at you. The ball of steam misses you.
The scorpion closely misses you.
You hear a shout!
As you read the scroll labelled ZIVVUNLUREE, it crumbles to dust.
Magic quickly surges around you.
It was a scroll of vulnerability.
The steam dragon bites you.
* * * LOW HITPOINT WARNING * * *
The steam dragon misses you. The scorpion stings you.
* * * LOW HITPOINT WARNING * * *
You are poisoned.
The scorpion poisons you!
It was a potion of curing.
You feel better. The scorpion stings you.
* * * LOW HITPOINT WARNING * * *
The steam dragon bites you!
You die...
Xom guffaws!

.###....# .###....#
..........#
.....#..####.........#
####.................#
#####.....#..........#
...............§.....###
........##...^.§§§§.....
.........§......§§§..##..
.........##.§§..hD§......
.........##..§§§.s§...?..
........###..§§§§§§......
..##...#####..§§.§§.#....
.......[....>............
.####################....
###


You could see a steam dragon (catching breath, weak-willed) and a scorpion
(weak-willed).

Vanquished Creatures
  Grinder (D:3)
  A steam dragon (D:6)
  An ice beast (D:5)
  A phantom (D:5)
  A gnoll sergeant (D:4)
  2 howler monkeys
  7 orc priests
  A hound (D:5)
  2 jellies
  4 orc wizards
  6 adders
  5 gnolls
  An ufetubus (D:4)
  4 worms
  A dart slug (D:1)
  17 orcs
  8 ball pythons
  5 bats
  14 endoplasms
  5 giant cockroaches
  8 goblins
  6 hobgoblins
  6 jackals (D:2)
  5 kobolds
  5 quokkas
  5 frilled lizards
  4 rats
126 creatures vanquished.

Notes
Turn   | Place    | Note
-------+----------+-------------------------------------------
     0 | D:1      | Xavori the Octopode Chaos Knight began the quest for the
                  | Orb.
     0 | D:1      | Reached XP level 1. HP: 16/16 MP: 1/1
     4 | D:1      | XOM: silly message
    75 | D:1      | XOM: silly message
    94 | D:1      | XOM: divination: detect items
   109 | D:1      | Reached XP level 2. HP: 21/21 MP: 2/2
   192 | D:1      | Reached skill level 1 in Stealth
   234 | D:1      | Reached XP level 3. HP: 23/26 MP: 3/3
   583 | D:1      | XOM: divination: detect items
   842 | D:1      | XOM: silly message
   908 | D:1      | XOM: silly message
   910 | D:1      | XOM: silly message
  1548 | D:1      | XOM: silly message
  2555 | D:1      | XOM: god gift: curved bone wand {god gift}
  3717 | D:1      | XOM is BORED!
  3717 | D:1      | XOM: give mutations
  3717 | D:1      | Gained mutation: You are frail. (-10% HP) [Xom's mischief]
  3717 | D:1      | Gained mutation: You are partially covered in iridescent
                  | scales. (AC +2) [Xom's mischief]
  5140 | D:1      | XOM: give mutations
  5140 | D:1      | Gained mutation: One of your tentacles bears a spike.
                  | [Xom's grace]
  5140 | D:1      | Gained mutation: You are mostly covered in iridescent
                  | scales. (AC +4) [Xom's grace]
  5374 | D:1      | XOM: god gift: coppery potion {god gift}
  5393 | D:1      | XOM: give mutations
  5393 | D:1      | Gained mutation: You are somewhat resistant to further
                  | mutation. [Xom's grace]
  5393 | D:1      | Gained mutation: You are completely covered in iridescent
                  | scales. (AC +6) [Xom's grace]
  5447 | D:1      | XOM: give mutations
  5447 | D:1      | Gained mutation: Your mind is acute. (Int +4, Str/Dex -1)
                  | [Xom's grace]
  5447 | D:1      | Gained mutation: Your muscles are strong. (Str +4, Int/Dex
                  | -1) [Xom's grace]
  5447 | D:1      | Gained mutation: Your spells are a little harder to cast,
                  | but a little more powerful. [Xom's grace]
  5447 | D:1      | Gained mutation: You are strong-willed. (Will+) [Xom's
                  | grace]
  5585 | D:2      | Reached skill level 2 in Stealth
  5680 | D:2      | Reached XP level 4. HP: 20/27 MP: 4/4
  5727 | D:2      | XOM: silly message
  6227 | D:3      | Reached skill level 3 in Stealth
  6275 | D:3      | Noticed Grinder
  6275 | D:3      | XOM: 1-stop teleportation journey
  6277 | D:3      | Paralysed by Grinder for 4 turns
  6284 | D:3      | Killed Grinder
  6285 | D:3      | Reached skill level 5 in Stealth
  6285 | D:3      | Reached skill level 1 in Shapeshifting
  6285 | D:3      | Reached XP level 5. HP: 17/33 MP: 5/5
  6285 | D:3      | Reached XP level 6. HP: 19/38 MP: 6/6
  6290 | D:3      | Found an ancient bone altar of Kikubaaqudgha.
  6362 | D:3      | Found Ejiduc's Jewellery Shoppe.
  6364 | D:3      | XOM: noise
  6371 | D:3      | XOM: divination: magic mapping
  6373 | D:3      | XOM: cast spell 'Summon Ice Beast'
  6384 | D:3      | You fall into a shaft and drop 2 floors!
  6384 | D:5      | Entered Level 5 of the Dungeon
  6444 | D:5      | Reached skill level 6 in Stealth
  6483 | D:4      | Found a snail-covered altar of Cheibriados.
  6497 | D:4      | XOM: silly message
  6503 | D:4      | Reached XP level 7. HP: 38/42 MP: 7/7
  6611 | D:3      | Found a faded altar of an unknown god.
  6671 | D:3      | Found Izoassot's Weapon Shop.
  6941 | D:3      | Found Xaatusai's Antique Weapon Shop.
  7024 | D:3      | Noticed an animated shadow dragon scales
  7026 | D:3      | Found Xonuk's Armour Shoppe.
  7029 | D:3      | Noticed an animated gold dragon scales
  7206 | D:4      | Reached skill level 7 in Stealth
  7213 | D:4      | XOM: swap monsters
  7260 | D:4      | Found a blossoming altar of Fedhas.
  7439 | D:4      | XOM: give mutations
  7439 | D:4      | Gained mutation: Your natural rate of healing is unusually
                  | fast. [Xom's grace]
  7439 | D:4      | Gained mutation: Your mind is very acute. (Int +8, Str/Dex
                  | -2) [Xom's grace]
  7439 | D:4      | Gained mutation: Your flesh is cold resistant. (rC+) [Xom's
                  | grace]
  7823 | D:5      | XOM: cloud trail
  7945 | D:5      | XOM: scenery: 1 doors open
  7973 | D:5      | XOM: cloud trail
  7992 | D:5      | Found a white marble altar of Elyvilon.
  7996 | D:5      | XOM: enchant monster (good)
  8001 | D:5      | Reached XP level 8. HP: 48/48 MP: 8/8
  8191 | D:5      | XOM: give mutations
  8191 | D:5      | Gained mutation: You expend magic power (3 MP) to
                  | strengthen your wands. [Xom's grace]
  8191 | D:5      | Gained mutation: You are agile. (Dex +4, Str/Int -1) [Xom's
                  | grace]
  8191 | D:5      | Lost mutation: You are frail. (-10% HP) [Xom's grace]
  8294 | D:5      | Reached skill level 5 in Short Blades
  8340 | D:5      | XOM is BORED!
  8340 | D:5      | XOM: give mutation
  8340 | D:5      | Lost mutation: Your natural rate of healing is unusually
                  | fast. [Xom's mischief]
  8411 | D:5      | XOM: stat loss: -1 Dex (13/14)
  8424 | D:5      | Found a sparkling altar of Nemelex Xobeh.
  8622 | D:5      | XOM: give mutations
  8622 | D:5      | Lost mutation: You are completely covered in iridescent
                  | scales. (AC +6) [Xom's mischief]
  8622 | D:5      | Lost mutation: One of your tentacles bears a spike. [Xom's
                  | mischief]
  8622 | D:5      | Lost mutation: You are strong-willed. (Will+) [Xom's
                  | mischief]
  8658 | D:6      | XOM: swap monsters
  8722 | D:6      | XOM: confusion (+ monsters)
  8728 | D:6      | Lost mutation: You are mostly covered in iridescent scales.
                  | (AC +4) [potion of mutation]
  8728 | D:6      | Lost mutation: You expend magic power (3 MP) to strengthen
                  | your wands. [potion of mutation]
  8728 | D:6      | Lost mutation: Your spells are a little harder to cast, but
                  | a little more powerful. [potion of mutation]
  8731 | D:6      | Slain by a steam dragon

Illustrated notes

Levels and vault maps discovered:
D:1:      dpeg_arrival_pits, layout_basic
D:2:      minmay_diamond_boxcup, layout_basic
D:3:      layout_basic, mainiacjoe_overflow_small_starburst,
          chequers_ecumenical_altar_simple, serial_shops,
          nicolae_shop_competitors_out_of_business,
          nicolae_shop_back_alley_shop, nicolae_shop_mannequins,
          nicolae_shop_gaudy_bauble, minmay_liquid_box, minmay_surrounded,
          uniq_grinder
D:4:      layout_loops_ring, fedhas_altar_3, minmay_ruined_shrine
D:5:      layout_basic, elyvilon_altar_5, nemelex_diamond_rough_becter,
          mrwooster_statue_mirror
D:6:      layout_rooms

Skill      XL: |  1  2  3  4  5  6  7  8 |
---------------+-------------------------+-----
Stealth        | 1 2 5 6 7 |  7.9
Short Blades   | 4 5 |  5.6
Dodging        | 3 4 |  4.1
Shapeshifting  | 1 2 3 4 |  4.1
Fighting       | 4 |  4.3

Action                     |  1- 3 |  4- 6 |  7- 9 || total
---------------------------+-------+-------+-------++-------
  Melee: Short sword       |    54 |    26 |       ||    80
         Tentacles         |    12 |    11 |    26 ||    49
         Constrict         |    14 |    16 |    26 ||    56
         Kick              |     4 |    23 |    35 ||    62
         Dagger            |       |    52 |   126 ||   178
         Punch             |       |     1 |     3 ||     4
    Use: Scroll            |     1 |       |     5 ||     6
         Potion            |       |       |     2 ||     2
   Stab: Sleeping          |    11 |     4 |     5 ||    20
         Distracted        |       |       |     1 ||     1
         Confused          |       |       |     1 ||     1
 Armour: Skin              |    22 |    21 |    62 ||   105
  Dodge: Dodged            |    29 |    30 |    49 ||   108
   Form: Beast             |       |     1 |       ||     1

Table legend: (Time is in decaauts)
 A = Elapsed time spent in this place.
 B = Non-inter-level travel time spent in this place.
 C = Inter-level travel time spent in this place.
 D = Time resting spent in this place.
 E = Time spent auto-exploring this place.
 F = Levels seen in this place.
 G = Mean time per level.
                   A        B        C        D        E       F      G
               +--------+--------+--------+--------+--------+-----+--------+
         Total |   8678 |   8524 |    154 |   5055 |   2757 |   6 | 1446.3 |
       Dungeon |   8678 |   8524 |    154 |   5055 |   2757 |   6 | 1446.3 |
               +--------+--------+--------+--------+--------+-----+--------+

Top non-repeatable levels by time:
     D:1: 5536 daAuts
     D:5: 994 daAuts
     D:3: 754 daAuts
     D:4: 664 daAuts
     D:2: 627 daAuts
     D:6: 102 daAuts
